 Dungeon Crawl Stone Soup version 0.25-a0-565-g8875c97ebb (webtiles) character file.

Game seed: 16598724102344288792, levelgen mode: classic

154267 EnegeticOcto the Champion of Chaos (level 16, -1/157 HPs)
             Began as a Deep Dwarf Fighter on Feb 26, 2020.
             Was the Champion of Makhleb.
             Splashed by an acid blob's acid (3 damage)
             ... on level 5 of the Pits of Slime.
             The game lasted 00:13:19 (12331 turns).

EnegeticOcto the Champion of Chaos (DDFi)          Turns: 12331, Time: 00:13:20

Health: -1/157     AC:  5    Str: 29    XL:     16   Next: 43%
Magic:  6/12       EV: 13    Int:  6    God:    Makhleb [******]
Gold:   700        SH: 18    Dex: 12    Spells: 15/15 levels left

rFire    . . .     SeeInvis .   a - +7 broad axe of the Pure Gods {drain, Str+3}
rCold    + . .     Gourm    .   b - +2 kite shield
rNeg     + + .     Faith    .   c - +0 plate armour
rPois    .         Spirit   .   (no helmet)
rElec    .         Reflect  +   M - +1 cloak
rCorr    +         Harm     .   L - +0 pair of gloves
MR       ++...                  u - +1 pair of boots
Stlth    ..........             A - +3 amulet of reflection
HPRegen  0.00/turn              G - ring "Uniol" {rC+ rN+ Int-4 Stlth+}
MPRegen  0.13/turn              F - ring of resist corrosion

@: corroded, non-regenerating
A: damage resistance, heal wounds, negative energy resistance 1, sense
surroundings 2, no regeneration
}: 2/15 runes: decaying, serpentine
a: Heal Wounds, Minor Destruction, Lesser Servant of Makhleb, Major Destruction,
Greater Servant of Makhleb, Renounce Religion


You were on level 5 of the Pits of Slime.
You worshipped Makhleb.
Makhleb was exalted by your worship.
You were not hungry.

You visited 6 branches of the dungeon, and saw 31 of its levels.
You also visited: Bailey.

You collected 910 gold pieces.
You spent 210 gold pieces at shops.

Inventory:

Hand Weapons
 a - the +7 broad axe of the Pure Gods (weapon) {drain, Str+3}
   (You acquired it in a bailey)

   A truly terrible weapon, it drains the life of those it strikes.
   It affects your strength (+3).
 B - a +0 long sword of distortion
 P - a +0 broad axe
Armour
 b - a +2 kite shield (worn)
 c - a +0 plate armour (worn)
 i - a +2 scale mail of positive energy
 u - a +1 pair of boots (worn)
 L - a +0 pair of gloves (worn)
 M - a +1 cloak (worn)
Jewellery
 y - a cursed ring of protection from magic {unknown}
 z - an uncursed amulet of faith {unknown}
 A - a +3 amulet of reflection (around neck)
 D - an uncursed ring of poison resistance
 F - a ring of resist corrosion (right hand)
 G - the ring "Uniol" (left hand) {rC+ rN+ Int-4 Stlth+}
   (You found it on level 9 of the Dungeon)

   [ring of positive energy]

   It affects your intelligence (-4).
   It protects you from cold.
   It protects you from negative energy.
   It makes you more stealthy.
 O - an uncursed amulet of rage {unknown}
Wands
 m - a wand of polymorph (8)
 p - a wand of digging (16) {@v2}
 C - a wand of iceblast (18)
Scrolls
 d - 7 scrolls of remove curse {@r6}
 h - 2 scrolls of enchant weapon
 j - 4 scrolls of teleportation {@r2}
 l - a scroll of fog
 r - 2 scrolls of enchant armour
 s - 2 scrolls of immolation {@r4}
 t - 4 scrolls of fear
 v - 2 scrolls of silence
 w - 3 scrolls of magic mapping {@r5}
 N - 2 scrolls of identify {@r1}
Potions
 f - a potion of invisibility
 g - 2 potions of cancellation
 k - 6 potions of might {@q3}
 n - 6 potions of haste {@q4}
 o - 2 potions of flight
 q - 2 potions of heal wounds {@q2}
 x - a potion of lignification {@q7}
 E - 2 potions of mutation {unknown}
 H - 3 potions of magic
 I - 2 potions of curing {@q1}
 J - a potion of ambrosia {unknown}
 K - a potion of stabbing {unknown}
 Q - a potion of brilliance {unknown}
 R - a potion of berserk rage {unknown}
Comestibles
 e - 23 rations


   Skills:
 * Level 13.4 Fighting
 * Level 15.3 Axes
 + Level 11.8 Armour
 + Level 11.2 Dodging
 + Level 11.8 Shields
 * Level 20.0 Invocations


You had 15 spell levels left.
You didn't know any spells.
Your spell library was empty.

Dungeon Overview and Level Annotations

Branches:
Dungeon (11/15)            Temple (1/1) D:6            Lair (6/6) D:10
  Swamp (4/4) Lair:4        Snake (4/4) Lair:4        Slime (5/5) Lair:5
 Bailey (visited)
    Orc: D:9-12

Altars:
Ashenzari
Dithmenos
Elyvilon
Fedhas
Gozag
Hepliaklqana
Kikubaaqudgha
Makhleb
Nemelex Xobeh
Okawaru
Qazlal
Ru
Trog
Uskayaw
Wu Jian
Xom
Yredelemnul
Zin
The Shining One

Shops:
D:7 *   D:8 !:[   Snake:4 =

Annotations:
D:8 1 exclusion
Lair:5 3 runed translucent doors, Bodu's ghost, journeyman NaFi
Lair:6 1 exclusion
Snake:1 Roxanne


Innate Abilities, Weirdness & Mutations

You are resistant to damage.
You can heal yourself by infusing magical energy.
You resist negative energy. (rN+)
You passively map the area around you.
You do not regenerate.


Message History

You resist.
You are splashed with acid.
You resist. The acid blob spits acid at you.
The splash of acid reflects off an invisible shield around you!
The splash of acid hits the acid blob.
The acid blob completely resists.
The slime creature closely misses you.
You hit the shining eye but do no damage.
You drain the shining eye.
You kill the shining eye!
Makhleb accepts your kill.
You hit the acid blob.
Your hands burn!
You slash the acid blob!
Your hands burn!
You slash the acid blob! The acid corrodes you!
Your hands burn!
You slash the slime creature! You drain the slime creature.
You block the acid blob's attack.
Two slime creatures merge to form an enormous slime creature.
The acid blob closely misses you. The acid blob hits you.
You are splashed with acid.
You resist.
You slash the acid blob! You drain the acid blob.
Your hands burn!
The acid blob is almost dead.
You slash the acid blob! You drain the acid blob.
Your hands burn!
You slice the acid blob!! You drain the acid blob.
Your hands burn!
You slash the slime creature! You drain the slime creature.
The acid blob spits acid at you. The splash of acid hits you. You resist.
You are splashed with acid!
You resist. The acid blob spits acid at you.
The splash of acid hits you but does no damage.
You resist.
You are splashed with acid!
You resist.
Two slime creatures merge to form a titanic slime creature.
The acid blob spits acid at you. The splash of acid hits you. You resist.
The acid corrodes you!
You are splashed with acid.
You resist.
A demon appears!
The acid blob spits acid at you.
The splash of acid hits you but does no damage.
The acid corrodes you!
You are splashed with acid.
You resist. You block the acid blob's attack.
You block the slime creature's attack. The acid blob spits acid at you.
The splash of acid hits you! You resist. The acid corrodes you!
You are splashed with acid!
You resist. The azure jelly misses you. The azure jelly hits you!
The azure jelly freezes you! You resist. You block the azure jelly's attack.
The azure jelly closely misses you.
You are too injured to fight recklessly!
You feel much better. The acid blob barely misses you.
The acid blob spits acid at you. The splash of acid hits you. You resist.
The acid corrodes you!
You are splashed with acid.
You resist. The acid blob spits acid at you. The splash of acid hits you.
You resist.
You are splashed with acid!
You resist.
The azure jelly hits you but does no damage.
You block the azure jelly's attack. x2
The azure jelly hits you but does no damage.
The slime creature hits you but does no damage.
The acid blob spits acid at you.
The splash of acid hits you but does no damage.
You resist.
You are splashed with acid.
You resist.
Your cacodemon hits the acid blob!
The acid blob dies!
Makhleb accepts your kill.
A titanic slime creature splits.
You feel much better. The acid blob hits you!! The acid corrodes you!
You are splashed with acid.
You resist. The slime creature misses you. The azure jelly hits you.
The azure jelly freezes you! You resist. The azure jelly hits you.
The azure jelly freezes you!! You resist.
* * * LOW HITPOINT WARNING * * *
You block the azure jelly's attack. The azure jelly hits you.
* * * LOW HITPOINT WARNING * * *
Two slime creatures merge to form a large slime creature.
You block the slime creature's attack.
Your cacodemon hits the glowing orange brain!!
Your cacodemon hits the glowing orange brain.
The acid blob misses you.
You are too injured to fight recklessly!
You are too injured to fight recklessly!
Your magical essence is drained by the effort!
You feel much better. You block the azure jelly's attack.
The azure jelly hits you. The azure jelly freezes you!! You resist.
You block the azure jelly's attack. x2; The acid blob hits you!!
* * * LOW HITPOINT WARNING * * *
You are splashed with acid.
You resist.
* * * LOW HITPOINT WARNING * * *
The slime creature hits you.
* * * LOW HITPOINT WARNING * * *
The glowing orange brain blinks!
The acid blob spits acid at you. The splash of acid hits you. You resist.
You are splashed with acid!
You resist.
* * * LOW HITPOINT WARNING * * *
You feel much better. The azure jelly hits you. The azure jelly freezes you!
You resist.
* * * LOW HITPOINT WARNING * * *
The azure jelly misses you. The azure jelly hits you. x2
* * * LOW HITPOINT WARNING * * *
The acid blob hits your cacodemon but does no damage.
You see a puff of smoke.
The large slime creature hits you but does no damage.
The acid blob hits you!!
* * * LOW HITPOINT WARNING * * *
You are splashed with acid.
You resist.
You die...

* * *##............, ,,
**#................. ,
#.................,
,##................. * ,
#.................. * *
###....G.............
#....................
###...........2J.......,
#............JJ@^......**
..............JJJJ......
*
..............J.J..#.#..,
* ..................## #
* .................## *
...............###
...............#
..............# ,
........#


You could see 3 acid blobs, 2 azure jellies, a very large slime creature, 2
large slime creatures, a slime creature, a glowing orange brain and a friendly
cacodemon.

Vanquished Creatures
  Rupert (Lair:3)
  2 acid blobs (Slime:3)
  Frances (Swamp:1)
  Donald (Swamp:1)
  Kirke (Swamp:4)
  An azure jelly (Slime:4)
  A nagaraja (Snake:4)
  A fire dragon (D:10)
  6 naga warriors
  18 hydras
  2 great orbs of eyes (Slime:3)
  7 anacondas
  7 alligators
  4 two-headed ogres
  11 death yaks
  A naga sharpshooter (Snake:4)
  A deep elf knight (Bailey)
  4 shock serpents
  2 spriggan druids (Swamp:4)
  Nergalle (Lair:3)
  7 swamp dragons (Swamp:4)
  An orb spider (shapeshifter) (D:10)
  A shining eye (Slime:5)
  9 deep elf magi (Bailey)
  A lindwurm (Lair:6)
  12 mana vipers
  3 oklob plants (Lair:5)
  4 salamanders
  23 slime creatures
  A cyclops (D:11)
  6 elephants (Lair:6)
  3 guardian serpents (Snake:4)
  9 naga magi
  An eye of devastation (Slime:2)
  26 black mambas
  11 spiny frogs
  A gargoyle (D:11)
  Maggie (D:7)
  3 rime drakes
  A centaur skeleton (D:11)
  4 komodo dragons
  The ghost of emiel the Frost Mage, a novice DEIE (D:5)
  Grinder (D:5)
  Prince Ribbit (D:6)
  2 tyrant leeches
  2 hornets (Swamp:4)
  5 bog bodies
  7 blink frogs (Lair:2)
  4 polar bears
  6 hippogriffs
  3 spriggans
  A wraith (D:10)
  A shadow (Swamp:1)
  5 wyverns
  Sigmund (D:6)
  29 yaks
  3 basilisks
  3 vampire mosquitoes (Swamp:1)
  2 hogs (Swamp:4)
  13 swamp worms
  10 insubstantial wisps
  Edmund (D:4)
  14 nagas
  An acid dragon (D:11)
  13 water moccasins
  9 porcupines
  4 orc warriors
  9 swamp drakes (Swamp:4)
  4 sky beasts
  3 phantoms
  3 ice beasts
  A black bear (D:10)
  An eye of draining (Slime:4)
  9 wolves
  3 ogres
  7 centaurs
  12 crocodiles
  2 big kobolds
  14 bullfrogs
  Blork the orc (D:6)
  A wyvern zombie (D:6)
  A water moccasin zombie (D:5)
  4 scorpions
  9 killer bees
  2 electric eels
  4 howler monkeys
  5 crimson imps
  A bullfrog zombie (D:6)
  A quasit (D:11)
  A centaur zombie (D:8)
  4 jellies
  4 hounds
  2 orc priests
  A bullfrog skeleton (D:11)
  3 iguanas
  Ijyb (D:3)
  7 orc wizards
  7 worker ants
  A hound skeleton (D:7)
  A howler monkey zombie (D:7)
  14 adders
  6 gnolls
  A white imp (D:6)
  2 adder zombies
  3 leopard geckos
  19 orcs
  4 ball pythons
  2 bats
  4 giant cockroaches
  3 goblins (D:1)
  4 hobgoblins
  11 jackals
  14 kobolds
  8 quokkas
  4 frilled lizards
  3 rats
  A spectral orc (D:8)
  4 fungi
  A plant (Lair:4)
580 creatures vanquished.

Vanquished Creatures (collateral kills)
  An acid blob (Slime:5)
  A thorn hunter (Swamp:3)
  A hydra (Swamp:4)
  An alligator (Swamp:4)
  A spriggan (Swamp:4)
  A hornet (Swamp:4)
  A hog (Swamp:4)
7 creatures vanquished.

Vanquished Creatures (others)
  A wizard (D:7)
  A black mamba (Snake:4)
  A guardian serpent (Snake:4)
  A tyrant leech (Swamp:3)
  A naga (Snake:3)
  A fungus (Lair:4)
  8 plants
14 creatures vanquished.

Grand Total: 601 creatures vanquished

Notes
Turn   | Place    | Note
-------+----------+-------------------------------------------
     0 | D:1      | EnegeticOcto the Deep Dwarf Fighter began the quest for the
                  | Orb.
     0 | D:1      | Reached XP level 1. HP: 20/20 MP: 1/1
    53 | D:1      | Reached XP level 2. HP: 16/27 MP: 2/2
   172 | D:2      | Found an ornate altar of the Wu Jian Council.
   223 | D:3      | Noticed Ijyb
   236 | D:3      | Killed Ijyb
   236 | D:3      | Reached skill level 1 in Dodging
   236 | D:3      | Reached XP level 3. HP: 24/34 MP: 3/3
   351 | D:3      | You fall into a shaft and drop 1 floor!
   352 | D:4      | Noticed a scorpion
   368 | D:4      | Killed a scorpion
   368 | D:4      | Reached XP level 4. HP: 37/42 MP: 3/3
   443 | D:4      | Noticed an ogre
   451 | D:4      | Killed an ogre
   451 | D:4      | Reached XP level 5. HP: 27/50 MP: 4/4
   612 | D:4      | Reached XP level 6. HP: 52/57 MP: 3/3
   727 | D:4      | Found a blossoming altar of Fedhas.
   727 | D:4      | Found an iron altar of Okawaru.
   735 | D:4      | Noticed Edmund
   775 | D:4      | Killed Edmund
  1088 | D:5      | Entered Level 5 of the Dungeon
  1305 | D:5      | Found a glowing silver altar of Zin.
  1323 | D:5      | Found an iron altar of Okawaru.
  1431 | D:5      | Reached XP level 7. HP: 55/66 MP: 4/4
  1450 | D:5      | Reached skill level 5 in Axes
  1556 | D:5      | Noticed Grinder
  1575 | D:5      | Paralysed by Grinder for 3 turns
  1579 | D:5      | Killed Grinder
  1579 | D:5      | Reached skill level 5 in Fighting
  1579 | D:5      | Reached skill level 5 in Shields
  1857 | D:5      | Found a runed translucent door.
  1859 | D:5      | Noticed emiel's ghost (novice DEIE)
  1875 | D:5      | Killed emiel's ghost
  1875 | D:5      | Reached skill level 5 in Armour
  1875 | D:5      | Reached XP level 8. HP: 36/75 MP: 5/5
  1948 | D:6      | Found a staircase to the Ecumenical Temple.
  1985 | Temple   | Entered the Ecumenical Temple
  2039 | Temple   | Became a worshipper of Makhleb the Destroyer
  2154 | D:6      | Reached skill level 1 in Invocations
  2174 | D:6      | Reached skill level 2 in Invocations
  2285 | D:6      | Noticed Prince Ribbit
  2288 | D:6      | Noticed Sigmund
  2318 | D:6      | Reached skill level 3 in Invocations
  2326 | D:6      | Noticed Blork the orc
  2327 | D:6      | Killed Sigmund
  2335 | D:6      | Killed Blork the orc
  2398 | D:6      | Gained mutation: You passively map the area around you.
                  | [Deep Dwarf growth]
  2398 | D:6      | Reached XP level 9. HP: 64/82 MP: 6/6
  2582 | D:6      | Killed Prince Ribbit
  2582 | D:6      | Reached skill level 4 in Invocations
  2952 | D:7      | Found a white marble altar of Elyvilon.
  2968 | D:7      | Found a bloodstained altar of Trog.
  2971 | D:7      | Noticed a wizard
  2975 | D:7      | Killed a wizard
  3108 | D:7      | Reached * piety under Makhleb
  3165 | D:7      | Reached skill level 5 in Invocations
  3178 | D:7      | Noticed Maggie
  3200 | D:7      | Killed Maggie
  3200 | D:7      | Reached skill level 5 in Dodging
  3239 | D:7      | Found Siny's Assorted Antiques.
  3266 | D:7      | Bought a scroll labeled XIGUZX LOUCATI for 21 gold pieces
  3266 | D:7      | Bought a scroll labeled VEMNICL ILEHA for 21 gold pieces
  3266 | D:7      | Bought a scroll labeled BULICV EGUMED for 21 gold pieces
  3266 | D:7      | Bought a scroll labeled GOVAR KEVUSIS for 21 gold pieces
  3266 | D:7      | Bought a scroll labeled TOZEMUEMEGG for 21 gold pieces
  3269 | D:7      | Identified a scroll of acquirement
  3280 | D:7      | Bought a knobbly tourmaline ring for 105 gold pieces
  3521 | D:8      | Found Howki's Armour Emporium.
  3555 | D:8      | Reached skill level 6 in Invocations
  3727 | D:8      | Found a sacrificial altar of Ru.
  3754 | D:8      | Found a basalt altar of Yredelemnul.
  3845 | D:8      | Found a basalt altar of Yredelemnul.
  3930 | D:8      | Noticed a two-headed ogre
  3954 | D:8      | Reached XP level 10. HP: 45/94 MP: 6/6
  3955 | D:8      | Killed a two-headed ogre
  3955 | D:8      | Reached skill level 7 in Invocations
  4020 | D:8      | Found Metur's Book Boutique.
  4084 | D:8      | Noticed a two-headed ogre
  4095 | D:8      | Killed a two-headed ogre
  4095 | D:8      | Reached ** piety under Makhleb
  4095 | D:8      | Reached skill level 8 in Invocations
  4111 | D:8      | Found Zadeve's Distillery.
  4275 | D:9      | Noticed a two-headed ogre
  4286 | D:9      | Killed a two-headed ogre
  4286 | D:9      | Reached skill level 9 in Invocations
  4311 | D:9      | Found a flagged portal.
  4341 | Bailey   | Entered a bailey
  4347 | Bailey   | Noticed a deep elf mage
  4365 | Bailey   | Killed a deep elf mage
  4376 | Bailey   | Noticed a deep elf mage
  4377 | Bailey   | Noticed a deep elf mage
  4377 | Bailey   | Noticed a deep elf mage
  4377 | Bailey   | Noticed a deep elf mage
  4377 | Bailey   | Noticed a deep elf mage
  4377 | Bailey   | Noticed a deep elf mage
  4382 | Bailey   | Noticed a soul eater
  4383 | Bailey   | Noticed a sixfirhy
  4389 | Bailey   | Killed a deep elf mage
  4389 | Bailey   | Reached skill level 10 in Invocations
  4411 | Bailey   | Killed a deep elf mage
  4416 | Bailey   | Killed a deep elf mage
  4416 | Bailey   | Reached XP level 11. HP: 83/103 MP: 8/8
  4443 | Bailey   | Killed a deep elf mage
  4449 | Bailey   | Killed a deep elf mage
  4455 | Bailey   | Killed a deep elf mage
  4484 | Bailey   | Noticed a deep elf knight
  4516 | Bailey   | Killed a deep elf knight
  4516 | Bailey   | Reached skill level 11 in Invocations
  4536 | Bailey   | Identified the +7 broad axe of the Pure Gods {drain, Str+3}
                  | (You acquired it in a bailey)
  4576 | Bailey   | Noticed a deep elf mage
  4576 | Bailey   | Noticed a deep elf mage
  4586 | Bailey   | Killed a deep elf mage
  4596 | Bailey   | Killed a deep elf mage
  4650 | D:9      | Reached skill level 10 in Axes
  4761 | D:9      | Noticed a two-headed ogre
  4766 | D:9      | Killed a two-headed ogre
  4837 | D:9      | Found an ancient bone altar of Kikubaaqudgha.
  5078 | D:9      | Got a pitted silver ring
  5338 | D:10     | Entered Level 10 of the Dungeon
  5426 | D:10     | Noticed an orb spider
  5435 | D:10     | Killed an orb spider
  5435 | D:10     | Reached skill level 12 in Invocations
  5484 | D:10     | Found a staircase to the Lair.
  5484 | D:10     | Noticed a fire dragon
  5498 | D:10     | Killed a fire dragon
  5532 | D:10     | Reached *** piety under Makhleb
  5732 | D:10     | Found a shadowy altar of Dithmenos.
  5799 | D:10     | Identified the ring "Uniol" {rC+ rN+ Int-4 Stlth+} (You
                  | found it on level 9 of the Dungeon)
  6028 | D:11     | Reached skill level 13 in Invocations
  6083 | D:11     | Reached XP level 12. HP: 105/114 MP: 8/8
  6244 | D:11     | Reached **** piety under Makhleb
  6351 | Lair:1   | Entered Level 1 of the Lair of Beasts
  6375 | Lair:1   | Noticed a four-headed hydra
  6392 | Lair:1   | Killed a 15-headed hydra
  6392 | Lair:1   | Reached skill level 14 in Invocations
  6786 | Lair:2   | Noticed a seven-headed hydra
  6805 | Lair:2   | Killed a 16-headed hydra
  6958 | Lair:2   | Reached skill level 10 in Fighting
  7027 | Lair:2   | You fall into a shaft and drop 1 floor!
  7093 | Lair:3   | Noticed Nergalle
  7104 | Lair:3   | Killed Nergalle
  7124 | Lair:3   | Noticed a six-headed hydra
  7137 | Lair:3   | Killed a 15-headed hydra
  7137 | Lair:3   | Reached ***** piety under Makhleb
  7137 | Lair:3   | Reached skill level 15 in Invocations
  7551 | Lair:3   | Noticed Rupert
  7570 | Lair:3   | Killed Rupert
  7570 | Lair:3   | Reached XP level 13. HP: 75/124 MP: 11/11
  8095 | Lair:4   | Reached skill level 16 in Invocations
  8189 | Lair:4   | Found a staircase to the Snake Pit.
  8597 | Lair:4   | Found a staircase to the Swamp.
  8598 | Lair:4   | You fall into a shaft and drop 1 floor!
  8624 | Lair:5   | Noticed a minotaur
  8628 | Lair:5   | Noticed Bodu's ghost (journeyman NaFi)
  8858 | Lair:5   | Reached skill level 17 in Invocations
  9073 | Lair:5   | Found a runed translucent gate.
  9074 | Lair:5   | Found a runed translucent gate.
  9075 | Lair:5   | Found a runed translucent gate.
  9346 | Lair:6   | Entered Level 6 of the Lair of Beasts
  9413 | Lair:6   | Reached skill level 10 in Shields
  9423 | Lair:6   | Reached skill level 10 in Armour
  9423 | Lair:6   | Gained mutation: You resist negative energy. (rN+) [Deep
                  | Dwarf growth]
  9423 | Lair:6   | Reached XP level 14. HP: 111/135 MP: 13/13
 10176 | Swamp:1  | Entered Level 1 of the Swamp
 10191 | Swamp:1  | Reached skill level 18 in Invocations
 10230 | Swamp:1  | Noticed Frances
 10248 | Swamp:1  | Killed Frances
 10280 | Swamp:1  | Noticed Donald
 10297 | Swamp:1  | Killed Donald
 10524 | Swamp:3  | Noticed a thorn hunter
 10562 | Swamp:3  | Killed a thorn hunter
 10627 | Swamp:4  | Entered Level 4 of the Swamp
 10635 | Swamp:4  | Noticed Kirke
 10649 | Swamp:4  | Killed Kirke
 10667 | Swamp:4  | Reached skill level 10 in Dodging
 10778 | Swamp:4  | Reached ****** piety under Makhleb
 10778 | Swamp:4  | Reached XP level 15. HP: 144/144 MP: 13/13
 10816 | Swamp:4  | Got a decaying rune of Zot
 10991 | Snake:1  | Entered Level 1 of the Snake Pit
 11008 | Snake:1  | Reached skill level 19 in Invocations
 11209 | Snake:1  | Noticed Roxanne
 11560 | Snake:4  | Entered Level 4 of the Snake Pit
 11672 | Snake:4  | Noticed a nagaraja
 11687 | Snake:4  | Killed a nagaraja
 11811 | Snake:4  | Found Nedijo's Jewellery Shoppe.
 11874 | Snake:4  | Reached XP level 16. HP: 156/156 MP: 0/12
 11876 | Snake:4  | Reached skill level 15 in Axes
 11887 | Snake:4  | Got a serpentine rune of Zot
 12069 | Lair:5   | Found a staircase to the Slime Pits.
 12102 | Slime:1  | Entered Level 1 of the Pits of Slime
 12193 | Slime:3  | Noticed an acid blob
 12202 | Slime:3  | Noticed an acid blob
 12206 | Slime:3  | Killed an acid blob
 12214 | Slime:3  | Killed an acid blob
 12293 | Slime:5  | Entered Level 5 of the Pits of Slime
 12301 | Slime:5  | Noticed an acid blob
 12311 | Slime:5  | Noticed an acid blob
 12318 | Slime:5  | Noticed an acid blob
 12319 | Slime:5  | Reached skill level 20 in Invocations
 12321 | Slime:5  | Noticed an acid blob
 12328 | Slime:5  | Killed an acid blob
 12331 | Slime:5  | HP: 2/157 [acid blob (22)]
 12331 | Slime:5  | Splashed by an acid blob's acid

Levels and vault maps discovered:
D:1:      lightli_arrival_boilingwater, layout_basic, hex_medium,
          corexii_hall_statues_x, kennysheep_nondescript,
          hangedman_decor_growths, chequers_serial_rivers_room_a,
          cheibriados_altar_1
D:2:      kennysheep_big_flooded_room, layout_basic, lemuel_crystal_altar
D:3:      minmay_wonky_spiral, layout_loops_ring, old_standard_altar,
          lemuel_coloured_pillars_altar, first_ration, ebering_ghost_sewer_d,
          minmay_crystal_water, uniq_ijyb
D:4:      layout_basic, gammafunk_temple_overflow_wave,
          kennysheep_generic_room_12, uniq_edmund
D:5:      layout_loops_ring, zin_academy, ebering_ghost_inner_flame,
          okawaru_trees_2, uniq_grinder
D:6:      layout_loops_ring, minmay_temple_entry_purple_smoke,
          minmay_fire_ice_demons, uniq_blork_the_orc, uniq_sigmund,
          uniq_prince_ribbit1
D:7:      layout_basic, basic_altar, serial_shops,
          nicolae_shop_overgrown_old_shop, trog_wizard, uniq_maggie
D:8:      layout_loops_cross, yredelemnul_forgotten_temple_becter,
          nicolae_ru_sacrificial_ziggurat, tgw_sif, basic_altar, serial_shops,
          nicolae_shop_competitors_out_of_business, shop, shop, st_stairs_8
D:9:      layout_long_grid, lemuel_crystal_altar, enter_bailey_2, the_bakery,
          minmay_misc_feat_square
D:10:     layout_basic, minmay_lair_entry_lava, grunt_dithmenos_smoke
D:11:     layout_irregular_city, hex_tiny, serial_bayou_pond_c,
          wad_woods_river_04
Temple:   minmay_temple_bridge_abc
Lair:1:   layout_hall_layers, grunt_megastairs_1
Lair:2:   layout_layer_cave, infiniplex_staircase_pool_2
Lair:3:   layout_hall_layers, uniq_rupert, uniq_nergalle
Lair:4:   layout_long_grid, nicolae_swamp_entry_splash_gauntlet,
          minmay_snake_entry_six_corridors
Lair:5:   layout_small_grid, minmay_slime_entry_oklob_enclosed,
          maelrawn_ghost_gauntlet_escape, lemuel_old_faithful
Lair:6:   evilmike_catoblepas_cave, layout_small_grid
Swamp:1:  layout_falls_marsh, serial_swamp_ruin, evilmike_swamp_ruin_rubble_2,
          evilmike_swamp_ruin_house_1, evilmike_swamp_ruin_rubble_1,
          uniq_donald, uniq_frances
Swamp:2:  layout_falls_marsh, hangedman_swamp_ruin_hall
Swamp:3:  layout_basic_swamp, gammafunk_ghost_grave, evilmike_swamp_ruin_wall,
          uniq_aizul
Swamp:4:  swamp, layout_basic_swamp, uniq_kirke
Snake:1:  layout_gridlike, basic_altar, nicolae_snake_horde_hoard, uniq_roxanne
Snake:2:  layout_basic, serial_shops, shop
Snake:3:  layout_layer_cave, st_stairs_14, grunt_ministairs_10
Snake:4:  snake_pit_salamanders_mu, layout_misc_corridors, serial_shops,
          nicolae_shop_behind_doors, nicolae_shop_trees
Slime:1:  layout_caves
Slime:2:  layout_caves
Slime:3:  layout_caves
Slime:4:  layout_caves
Slime:5

Skill      XL: |  1  2  3  4  5  6  7  8  9 10 11 12 13 14 15 16 |
---------------+-------------------------------------------------+-----
Fighting       | 3 4 5 6 7 8 9 10 11 12 13 | 13.4
Dodging        | 1 2 3 4 5 6 7 8 9 10 11 | 11.2
Axes           | 3 4 6 8 9 10 11 12 13 14 15 | 15.3
Shields        | 4 5 6 7 8 9 10 11 | 11.8
Armour         | 4 5 6 7 8 9 10 11 | 11.8
Invocations    | 3 6 10 13 15 17 18 19 20 | 20.0

Action                   |  1- 3 |  4- 6 |  7- 9 | 10-12 | 13-15 | 16-18 || total
-------------------------+-------+-------+-------+-------+-------+-------++-------
Melee: War axe           |   105 |   174 |   381 |   170 |       |       ||   830
       Broad axe         |       |       |       |   403 |   772 |   124 ||  1299
Invok: Lesser Servant of |       |       |       |     3 |     4 |     1 ||     8
       Greater Servant o |       |       |       |       |       |     1 ||     1
 Abil: Heal Wounds       |     3 |    10 |    18 |    28 |    19 |     4 ||    82
Evoke: Wand              |       |       |       |     4 |       |       ||     4
  Use: Scroll            |       |       |    12 |     4 |    11 |     1 ||    28
       Potion            |       |       |       |     1 |     5 |       ||     6
 Stab: Distracted        |       |       |       |     1 |       |       ||     1
       Confused          |       |       |       |       |     1 |       ||     1
  Eat: Chunk             |       |     2 |     9 |    13 |     9 |       ||    33
       Ration            |       |       |       |       |     2 |     1 ||     3
Armor: Scale mail        |    46 |    67 |   148 |   117 |       |       ||   378
       Plate armour      |       |       |       |   161 |   464 |    50 ||   675
Dodge: Dodged            |    30 |    60 |   208 |   278 |   376 |    36 ||   988
Block: Kite shield       |    57 |    80 |   246 |   542 |   896 |   100 ||  1921
       Reflection        |       |       |       |       |    39 |     5 ||    44

Table legend:
 A = Non-vault XP
 B = Vault XP
 C = Vault XP percentage of total XP
 D = Non-vault monster count
 E = Vault monster count
 F = Vault count percentage of total count
                 A         B        C        D         E       F
            +---------+---------+-------+---------+---------+-------
      Total |  118622 |   61760 |  34.2 |     466 |     120 |  20.5
            +---------+---------+-------+---------+---------+-------
        D:1 |      24 |       0 |   0.0 |      14 |       0 |   0.0
        D:2 |       6 |       0 |   0.0 |       4 |       0 |   0.0
        D:3 |       4 |      35 |  89.7 |       3 |       1 |  25.0
        D:4 |     421 |     164 |  28.0 |      20 |       1 |   4.8
        D:5 |     401 |     589 |  59.5 |      12 |       3 |  20.0
        D:6 |     954 |     637 |  40.0 |      19 |       5 |  20.8
        D:7 |    1108 |     398 |  26.4 |      18 |       1 |   5.3
        D:8 |    2795 |       3 |   0.1 |      25 |       2 |   7.4
        D:9 |    2942 |     229 |   7.2 |      24 |       1 |   4.0
       D:10 |    2867 |    1092 |  27.6 |      25 |       1 |   3.8
       D:11 |    4186 |       0 |   0.0 |      41 |       0 |   0.0
     Lair:1 |    1839 |     997 |  35.2 |       6 |       4 |  40.0
     Lair:2 |    5064 |       0 |   0.0 |      20 |       0 |   0.0
     Lair:3 |    3723 |    3543 |  48.8 |      13 |       2 |  13.3
     Lair:4 |    6613 |    2549 |  27.8 |      29 |      22 |  43.1
     Lair:5 |   11613 |    1671 |  12.6 |      25 |       3 |  10.7
     Lair:6 |   10836 |     884 |   7.5 |      30 |       1 |   3.2
    Swamp:1 |    6597 |    4405 |  40.0 |      18 |       2 |  10.0
    Swamp:2 |     634 |       0 |   0.0 |       4 |       0 |   0.0
    Swamp:3 |    4630 |       0 |   0.0 |      12 |       0 |   0.0
    Swamp:4 |    6829 |   20712 |  75.2 |      16 |      33 |  67.3
    Snake:1 |   11826 |       0 |   0.0 |      23 |       0 |   0.0
    Snake:2 |     460 |       0 |   0.0 |       1 |       0 |   0.0
    Snake:3 |    3562 |     873 |  19.7 |       8 |       2 |  20.0
    Snake:4 |   12291 |   15545 |  55.8 |      25 |      25 |  50.0
    Slime:2 |    3377 |       0 |   0.0 |      10 |       0 |   0.0
    Slime:3 |    8324 |       0 |   0.0 |      10 |       0 |   0.0
    Slime:4 |    3570 |       0 |   0.0 |       8 |       0 |   0.0
    Slime:5 |    1126 |    1779 |  61.2 |       3 |       1 |  25.0
     Bailey |       0 |    5655 | 100.0 |       0 |      10 | 100.0
            +---------+---------+-------+---------+---------+-------
